 Dungeon Crawl Stone Soup version 0.31-a0-1082-g7d1fb776a8 (webtiles) character file.

Game seed: 6480267016707320072

4 Dirtsage the Trooper (level 1, 0/18 HPs)
             Began as a Demonspawn Monk on Nov 27, 2023.
             Frozen to death by an endoplasm (4 damage)
             ... on level 1 of the Dungeon.
             The game lasted 00:00:51 (203 turns).

Dirtsage the Trooper (Demonspawn Monk)               Turns: 203, Time: 00:00:52

Health: 0/18       AC:  3    Str: 11    XL:     1   Next: 58%
Magic:  1/1        EV: 12    Int: 11    God:
Gold:   23         SH:  0    Dex: 15    Spells: 0/0 levels left

rFire   . .          .
                       - Unarmed
rCold   . . .        c - orb {light}
rNeg    . . .        a - +0 robe
rPois   .            d - +1 hat
rElec   .            (no cloak)
rCorr   .            (no gloves)
SInv    .            (no boots)
Will    .....        (no amulet)
Stlth   +            (no ring)
HPRegen 0.23/turn    (no ring)
MPRegen 0.07/turn

%: no passive effects
@: glowing
A: no striking features
a: no special abilities


You were on level 1 of the Dungeon.
You visited 1 branch of the dungeon, and saw 1 of its levels.

You collected 23 gold pieces.

Inventory:

Armour
 a - a +0 robe (worn)
 c - an orb of light (worn)
 d - a +1 hat (worn)
Potions
 b - a potion of ambrosia
 e - a potion of curing {unknown}


   Skills:
 + Level 3.1 Fighting
 - Level 2.6 Dodging
 * Level 2.9 Unarmed Combat


You couldn't memorise any spells.
You didn't know any spells.
Your spell library contained the following spells:

 Spells                   Type           Power      Damage    Failure   Level
 Shock                    Conj/Air       0%         1d3       34%         1
 Fireball                 Conj/Fire      0%         3d3       100%        5
 Freezing Cloud           Conj/Ice/Air   0%         6-21      100%        5
 Infestation              Necr           0%         N/A       100%        8


Dungeon Overview and Level Annotations

Branches:
Dungeon (1/15)

Altars:


Message History

The endoplasm quivers.
The ball python hisses angrily.
The ball python closely misses you. The ball python barely misses you.
You hit the quokka but do no damage. The ball python closely misses you. x2
The quokka bites you. The endoplasm freezes you.
You are frozen.
You take 7 damage, and have 11/18 hp.
MASSIVE DAMAGE!!
You are too injured to fight recklessly!
You are too injured to fight recklessly!
You are too injured to fight recklessly!
You hit the endoplasm.
The endoplasm is lightly wounded.
The ball python misses you. The ball python closely misses you.
The quokka bites you but does no damage.
You hit the endoplasm.
The endoplasm is moderately wounded.
The ball python closely misses you. The ball python grabs you.
The ball python constricts you. The endoplasm freezes you.
You are frozen.
* * * LOW HITPOINT WARNING * * *
The quokka bites you but does no damage.
The ball python bites you but does no damage.
The ball python constricts you.
You take 6 damage, and have 5/18 hp.
MASSIVE DAMAGE!!
You closely miss the ball python.
The endoplasm hits you but does no damage.
The quokka bites you.
* * * LOW HITPOINT WARNING * * *
The ball python barely misses you. The ball python constricts you.
You escape the ball python's grasp.
The endoplasm attacks as it pursues you!
The endoplasm closely misses you. The quokka bites you.
* * * LOW HITPOINT WARNING * * *
You take 1 damage, and have 4/18 hp.
You hit the quokka but do no damage. The endoplasm freezes you.
You are frozen.
You die...

#.......#.#.#.##..#..#
............#.##.....#
####..#...###.##...#.#
#####.......#.##...#.##
...............#......##
..........#.#..#........
.........##...........#
.........####..#...#..#
#........# #...@.....#
#.#####..# #..SrJ....#
..# ...............# ..#
##............... ..#
#....#......... ..#
#....#.......#. ..#
.......>.....# #.# ....
#....#.... ..# ###
#.........


You could see an endoplasm, a quokka and a ball python.

Vanquished Creatures
  A ball python (D:1)
  A goblin (D:1)
  A hobgoblin (D:1)
  A rat (D:1)
4 creatures vanquished.

Notes
Turn   | Place    | Note
-------+----------+-------------------------------------------
     0 | D:1      | Dirtsage the Demonspawn Monk began the quest for the Orb.
     0 | D:1      | Reached XP level 1. HP: 18/18 MP: 1/1
   110 | D:1      | Got the Codex of the Damned and Arcane Weapons
   203 | D:1      | Frozen to death by an endoplasm

Illustrated notes

Levels and vault maps discovered:
D:1:      dpeg_arrival_erosion, layout_basic, minmay_misc_feat_chi

Action                     || total
---------------------------++-------
  Melee: Unarmed           ||    20
 Armour: Robe              ||    14
  Dodge: Dodged            ||    20

Table legend: (Time is in decaauts)
 A = Elapsed time spent in this place.
 B = Non-inter-level travel time spent in this place.
 C = Inter-level travel time spent in this place.
 D = Time resting spent in this place.
 E = Time spent auto-exploring this place.
 F = Levels seen in this place.
 G = Mean time per level.
                   A        B        C        D        E       F      G
               +--------+--------+--------+--------+--------+-----+--------+
         Total |    201 |    201 |      0 |      0 |    160 |   1 |  201.0 |
       Dungeon |    201 |    201 |      0 |      0 |    160 |   1 |  201.0 |
               +--------+--------+--------+--------+--------+-----+--------+

Top non-repeatable levels by time:
     D:1: 201 daAuts
